 Dungeon Crawl Stone Soup version 0.24.0-123-gd5b16e6ec5 (webtiles) character file.

Game seed: 1974575484844875508, levelgen mode: deterministic

121 Emblim88 the Cudgeler (level 4, 0/45 HPs)
             Began as a Troll Berserker on Jan 13, 2020.
             Was a Believer of Trog.
             Slain by an adder (3 damage)
             ... on level 3 of the Dungeon.
             The game lasted 00:02:49 (1499 turns).

Emblim88 the Cudgeler (Troll Berserker)             Turns: 1499, Time: 00:02:49

Health: 0/45       AC:  6    Str: 26    XL:     4   Next: 77%
Magic:  3/3        EV: 16    Int:  3    God:    Trog [**....]
Gold:   87         SH:  0    Dex: 14    Spells: 3/3 levels left

rFire    . . .     SeeInvis .   a - +0 mace
rCold    . . .     Gourm    +   (no shield)
rNeg     . . .     Faith    .   b - +0 animal skin
rPois    .         Spirit   .   (helmet restricted)
rElec    .         Reflect  .   (no cloak)
rCorr    .         Harm     .   (gloves unavailable)
MR       ++...                  (boots unavailable)
Stlth    ++........             (no amulet)
HPRegen  1.55/turn              (no ring)
MPRegen  0.08/turn              (no ring)

@: agile, lethally poisoned (0 -> 0), berserk cooldown, regenerating, slowed,
very slow
A: large, unfitting armour, claws 3, fast metabolism 3, gourmand, regeneration
1, shaggy fur 1, tough skin 3
a: Berserk, Trog's Hand, Renounce Religion


You were on level 3 of the Dungeon.
You worshipped Trog.
Trog was pleased with you.
You were very full.

You visited 1 branch of the dungeon, and saw 3 of its levels.

You collected 87 gold pieces.

Inventory:

Hand Weapons
 a - a +0 mace (weapon)
Armour
 b - a +0 animal skin (worn)
Scrolls
 d - 2 scrolls of blinking {unknown}
 g - 5 scrolls of identify {unknown}
 h - a scroll of fog {unknown}
 k - 2 scrolls of enchant armour {unknown}
 n - a scroll of fear {unknown}
 o - a scroll of teleportation {unknown}
Potions
 e - a potion of heal wounds {unknown}
 f - a potion of agility
 i - a potion of lignification {unknown}
 j - a potion of haste {unknown}
 l - a potion of mutation {unknown}
 m - 2 potions of degeneration {unknown}
Comestibles
 c - 3 rations


   Skills:
 + Level 3.0 Fighting
 * Level 4.1 Maces & Flails
 + Level 3.1 Dodging


You had 3 spell levels left.
You didn't know any spells.
Your spell library was empty.

Dungeon Overview and Level Annotations

Branches:
Dungeon (3/15)

Altars:
Hepliaklqana
Sif Muna
Zin


Innate Abilities, Weirdness & Mutations

You are too large for most types of armour.
You have claws for hands.
Your metabolism is lightning-fast.
You like to eat raw meat.
Your natural rate of healing is unusually fast.
You are covered in fur. (AC +1)
You have extremely tough skin. (AC +3)


Message History

The orc wizard is severely wounded.
You feel sick. The adder closely misses you.
The orc wizard points at you and mumbles some strange words.
The magic dart hits you.
* * * LOW HITPOINT WARNING * * *
The orc barely misses you. The adder barely misses you.
The orc wizard gestures at you while chanting.
The magic dart hits you.
* * * LOW HITPOINT WARNING * * *
The worker ant waves its antennae.
The orc hits you but does no damage. The adder bites you but does no damage.
It was a potion of agility.
You feel agile all of a sudden.
You feel sick.
The orc wizard hits you but does no damage.
The adder barely misses you.
The orc wizard hits you with a +0 dagger.
* * * LOW HITPOINT WARNING * * *
The orc hits you but does no damage. The adder bites you.
You die...

......o....
#.......... #...
.....o.... ....
###......... .#...
####..........S
#.... #.......###
#....
#....##...#####..#
... ###††wo...###
# ##)ao@†...#.#
#..S.......#
######.........##
..............##
#...###.......#
..#.###....(..# .
#.........>.#
#######....##
####.÷..##


You could see a worm, a worker ant, an orc wizard, an adder and an orc.

Vanquished Creatures
  An orc wizard (D:3)
  5 adders
  2 dart slugs
  2 orcs (D:3)
  4 bats (D:1)
  5 giant cockroaches
  4 goblins
  6 hobgoblins
  A ball python (D:2)
  5 frilled lizards
  5 kobolds
  6 rats
46 creatures vanquished.

Vanquished Creatures (others)
  4 toadstools (D:1)
4 creatures vanquished.

Grand Total: 50 creatures vanquished

Notes
Turn   | Place    | Note
-------+----------+-------------------------------------------
     0 | D:1      | Emblim88 the Troll Berserker began the quest for the Orb.
     0 | D:1      | Reached XP level 1. HP: 22/22 MP: 0/0
    57 | D:1      | Reached skill level 3 in Maces & Flails
    64 | D:1      | Reached XP level 2. HP: 27/29 MP: 1/1
   439 | D:1      | Reached ** piety under Trog
   722 | D:2      | Reached XP level 3. HP: 36/36 MP: 2/2
   796 | D:2      | Found a hazy altar of Hepliaklqana.
  1192 | D:2      | Found a glowing silver altar of Zin.
  1282 | D:2      | Reached XP level 4. HP: 44/44 MP: 3/3
  1340 | D:2      | Found a shimmering blue altar of Sif Muna.
  1481 | D:3      | Reached skill level 4 in Maces & Flails
  1499 | D:3      | Slain by an adder

Levels and vault maps discovered:
D:1:      ldierk_walled_garden_2, layout_basic, minmay_heptomino_o4
D:2:      layout_basic, nicolae_overflow_hidden_temple, lemuel_round_altar,
          lemuel_blue_sif_altar
D:3:      layout_rooms, first_ration

Skill      XL: |  1  2  3  4 |
---------------+-------------+-----
Maces & Flails | 3 4 |  4.1
Fighting       | 3 |  3.0
Dodging        | 3 |  3.1

Action                   |  1- 3 |  4- 6 || total
-------------------------+-------+-------++-------
Melee: Mace              |   107 |    25 ||   132
Invok: Berserk           |     1 |     1 ||     2
       Trog's Hand       |       |     1 ||     1
  Use: Potion            |       |     1 ||     1
  Eat: Chunk             |    17 |     3 ||    20
Armor: Animal skin       |    55 |    36 ||    91
Dodge: Dodged            |   100 |    20 ||   120
